AoeStats
← Calaquende

Nomad

510302897Analyzed
2v2 RM · 13h ago on Sep 30, 2026· 43m 52s· 4 players
Game mode
Random Map
Map size
176×176
Population
200
Speed
Normal
Resources
Standard
Victory
Conquest
Starting age
Dark Age
Ending age
Imperial Age
RankedLock teamsTeams togetherTeam positionsShared explorationLock speedFull tech treeHidden civsTurbo modeCheats
Victory
Defeat
🇩🇪 Italians · Germany
1394
+15
🇺🇸 Vikings · United States
1347
+17
🇩🇪 Varangians · Germany
1391
-16
🇩🇪 Burgundians · Germany
1370
-16
N
4:34 Loom
12:18 Feudal Age
13:25 Double-Bit Axe
14:51 Fishing Lines
16:33 Fletching
19:08 Wheelbarrow
24:24 Castle Age
23:22 Horse Collar
23:58 Stone Mining
24:58 Gillnets
25:19 Medium Warships
25:28 Heavy Plow
25:40 Bow Saw
25:21 Gold Mining
30:04 Bodkin Arrow
33:29 Imperial Age
31:55 Hand Cart
33:01 Padded Archer Armor
35:10 Chemistry
35:18 Bracer
38:03 Ballistics
39:41 Leather Archer Armor
39:27 Scale Mail Armor
39:38 Forging
41:15 Ring Archer Armor
41:25 Pirotechnia
arenaclown
5:00 Loom
13:35 Feudal Age
17:29 Castle Age
15:42 Double-Bit Axe
16:33 Gold Mining
16:45 Fletching
17:09 Fishing Lines
18:00 Scale Mail Armor
18:46 Bow Saw
21:09 Chain Mail Armor
21:08 Squires
22:02 Horse Collar
22:55 Medium Warships
25:35 Heavy Plow
26:11 Stone Mining
29:53 Imperial Age
28:34 Gold Shaft Mining
28:59 Treadmill Crane
29:19 Bodkin Arrow
29:37 Forging
30:14 Careening
30:14 Clinker Construction
31:52 Plate Mail Armor
32:03 Ballistics
32:22 Iron Casting
32:33 Bracer
33:36 Chemistry
34:42 Heavy Warships
34:45 Dry Dock
36:49 Arson
38:23 Conscription
38:56 Chieftains
39:22 Capped Ram
41:00 Iron Casting
40:03 Elite Varangian Guard
43:04 Siege Engineers
44:28 Blast Furnace
43:39 Siege Ram
Jordan Belfort
4:59 Loom
13:39 Feudal Age
11:59 Double-Bit Axe
13:41 Gold Mining
17:27 Gold Shaft Mining
19:18 Fletching
25:30 Castle Age
24:46 Bow Saw
26:15 Town Watch
28:03 Bodkin Arrow
29:23 Stone Mining
33:07 Stone Shaft Mining
33:49 Wheelbarrow
35:58 Scale Barding Armor
41:08 Imperial Age
41:06 Ballistics
42:08 Elite Coustillier
Calaquende
4:40 Loom
12:56 Feudal Age
14:54 Town Watch
15:38 Double-Bit Axe
21:29 Castle Age
20:57 Fishing Lines
23:02 Wheelbarrow
23:04 Bow Saw
22:55 Fletching
24:11 Gillnets
25:49 Hand Cart
27:54 Bodkin Arrow
29:30 Ballistics
30:29 Careening
30:32 Clinker Construction
33:39 Imperial Age
31:55 Scale Mail Armor
32:05 Forging
32:27 Horse Collar
35:34 Two-Man Saw
35:07 Bracer
35:07 Padded Archer Armor
36:29 Chemistry
37:13 Chain Mail Armor
37:33 Iron Casting
37:02 Elite Varangian Guard
38:37 Conscription
39:32 Plate Mail Armor
41:13 Squires
43:09 Blast Furnace
Connection lost

Rejoining the realm…

Still unreachable

The connection could not be restored.

Session expired

The server has moved on; the page needs a fresh start.